woodfighter, neutral female human Wizard ------ |....| |...<-##### --------------------------------- ------ # #|...............................| ###|.----....----- ----+--..----- | # #%.|..|---.| .. # |.|..|..|.| . |%-|-|..|.| -. |....|..|.| |.-- |.{..-|--.----- |.. |..........-..| - -----..- |....-|--..|..| |.@.....@+ |.-+-|..|.----| -+---..a.| | |.| |..|.|(!%|--- ----.-----.| |.| |---%-.()|..| +.......| |.| |....|.%%|..| |.......| |.----....-----|---------...[.{.. |...............................| --------------------------------- woodfighter the Thaumaturge Experience level: 6 Strength: 8 Dexterity: 10 Constitution: 17 Intelligence: 17 Wisdom: 18 Charisma: 7 Health: 0(44) Energy: 69(69) Def: 2 Gold: 35 Moves: 2844 Dungeon seed: u9v44_oh5vvSr3TV Game ID: woodfighter_1447417458 Your Inventory: Coins $ - 35 gold pieces Weapons a - a blessed +1 quarterstaff (weapon in hands) Armor e - an uncursed +0 cloak of magic resistance (being worn) n - an uncursed +0 pair of water walking boots (being worn) Comestibles f - an uncursed food ration p - an uncursed fortune cookie u - an uncursed eucalyptus leaf S - 2 uncursed pizzas Scrolls V - an uncursed scroll of fire Potions W - an uncursed potion of blindness Wands d - a wand of nothing (0:5) h - a wand of light (0:13) I - a wand of lightning (0:8) Tools s - an uncursed bag of holding Gems z - 2 uncursed worthless pieces of orange glass K - an uncursed worthless piece of violet glass Q - an uncursed worthless piece of green glass Contents of the bag of holding: 190 gold pieces an uncursed scroll of create monster an uncursed scroll of enchant weapon an uncursed scroll of water an uncursed potion of fruit juice an uncursed potion of monster detection an uncursed potion of sickness an uncursed ring of shock resistance Spells and supernatural/magical abilities: Name Level Category Fail Memory a - force bolt 1 attack 0% 86% z - sleep 1 enchantment 0% 86% W - pray for help -- divine ? -- Your skills at the end: Miscellaneous Skills wands [Basic] Weapon Skills quarterstaff [Basic] Spellcasting Skills attack spells [Basic] enchantment spells [Basic] Final Attributes: You were devoutly aligned. You were magic-protected. You were telepathic. You could walk on water. You were unlucky. You are dead. Vanquished creatures: a large mimic a giant beetle a gnome king a dwarf lord a soldier ant 2 Uruk-hai a shrieker 3 gnome lords a straw golem a floating eye 6 dwarves a kobold lord an iguana a rothe 3 geckos a hobgoblin 4 giant rats a yellow mold a red mold 19 gnomes 4 jackals 2 foxes a kobold 5 newts 7 grid bugs 4 lichens 2 kobold zombies 76 creatures vanquished. Voluntary challenges: You did not adorn yourself with jewelry or accessories. You used a wielded weapon 85 times, starting on turn 23. You did not apply a unicorn horn. You read items or engraved 2 times, starting on turn 362. You never genocided any monsters. You never polymorphed an object. You never changed form. You used no wishes. You never split a pudding. You never wrote Elbereth's name. You never violated your personal moral code. Dungeon overview: The Dungeons of Doom: levels 1 to 4 Level 1 (stash) an altar to Anhur, a sink a long staircase Level 2 a fountain Level 3 (locked chest) stairs to The Gnomish Mines Level 4 The Gnomish Mines: levels 4 to 6 Level 4 stairs to The Dungeons of Doom Level 5 Level 6 <- You were here a general store, some fountains History has recorded: On T:1 you entered the Dungeons of Doom to retrieve the Amulet of Yendor! On T:111 you reached level 2 of The Dungeons of Doom. On T:584 you advanced to experience level 2. On T:635 you reached level 3 of The Dungeons of Doom. On T:961 you advanced to experience level 3. On T:1085 you reached level 4 of The Dungeons of Doom. On T:1191 you reached level 1 of The Gnomish Mines. On T:1729 you advanced to experience level 4. On T:1844 you advanced to experience level 5. On T:1909 you reached level 2 of The Gnomish Mines. On T:2006 you advanced to experience level 6. On T:2607 you reached level 3 of The Gnomish Mines. Score breakdown: Gold: 225 ( 22 points) Experience: 6 levels ( 500 points) Exploration: 6 levels ( 150 points) Discoveries: 4 items ( 200 points) Variety of kills: 27 monsters ( 1350 points) Major goal: (nothing yet) ( 0 points) Survival: died (score multiplied by 3) Total score: 6666 Latest messages: You put a scroll labeled ELBIB YLOH into the bag called holding. You put a scroll labeled KERNOD WEL into the bag called holding. You put a scroll called enchant weapon into the bag called holding. You sold a dwarvish cloak for 25 gold pieces. You drop a dwarvish cloak. You sold a dwarvish cloak for 25 gold pieces. You drop a dwarvish cloak. You sold a dwarvish cloak for 25 gold pieces. You drop a dwarvish cloak. You sold a dwarvish cloak for 25 gold pieces. You drop a dwarvish cloak. You sold a dwarvish cloak for 25 gold pieces. You drop an uncursed dwarvish cloak. You sold an uncursed dwarvish cloak for 25 gold pieces. You cannot drop something you are wearing. The soldier ant bites! You die... Final status: Goodbye woodfighter the Wizard, killed by a soldier ant... You died in The Gnomish Mines on dungeon level 6 with 6666 points, and 225 pieces of gold, after 2844 moves. You were level 6 with a maximum of 44 hit points when you died.